 Dungeon Crawl Stone Soup version 0.17.0-15-g6d90897 (webtiles) character file.

1467 tp1 the Destroyer (level 8, -7/41 HPs)
             Began as a Deep Elf Conjurer on Nov 10, 2015.
             Was an Initiate of Vehumet.
             Mangled by a crocodile (11 damage)
             ... on level 6 of the Dungeon.
             The game lasted 00:37:26 (9088 turns).

tp1 the Destroyer (Deep Elf Conjurer)               Turns: 9088, Time: 00:37:26

Health: -7/41      AC:  8    Str: -2 (5)  XL:     8   Next: 48%
Magic:  5/17       EV:  9    Int: 19      God:    Vehumet [......]
Gold:   267        SH:  0    Dex: 14 (15) Spells: 4 memorised, 5 levels left

rFire  . . .     SeeInvis .     y - staff of summoning
rCold  + . .     Clarity  .     x - +3 leather armour {rC+}
rNeg   . . .     SustAt   .     (no shield)
rPois  .         Gourm    +     s - +1 helmet
rElec  .         Spirit   .     (no cloak)
rCorr  .         Warding  +     (no gloves)
rMut   .         Stasis   .     (no boots)
MR     .....                    j - amulet of the gourmand
Stlth  +++.......               (no ring)
                                n - ring of stealth

@: slowed, lost strength, very slow, not resistant to hostile enchantments,
fairly stealthy
A: deterioration 1, dopey 2, screaming 1, wild magic 1, MP-powered wands
a: Renounce Religion


You were on level 6 of the Dungeon.
You worshipped Vehumet.
Vehumet was noncommittal.
You were not hungry.

You visited 1 branch of the dungeon, and saw 6 of its levels.

You collected 267 gold pieces.

Inventory:

Hand Weapons
 i - a +0 dagger
 m - a +1 dagger of pain
Missiles
 g - 5 javelins (quivered)
Armour
 a - a +0 robe
 s - a +1 helmet (worn)
 x - a +3 leather armour of cold resistance (worn)
 C - a +3 leather armour of cold resistance
Magical Staves
 y - an uncursed staff of summoning (weapon)
Jewellery
 j - an amulet of the gourmand (around neck)
 n - a ring of stealth (left hand)
Wands
 q - a wand of cold (0)
Scrolls
 e - 4 scrolls of remove curse
 l - a scroll of random uselessness
 o - a scroll of recharging
 t - 3 scrolls of teleportation
Potions
 f - 3 potions of lignification
 k - 2 potions of agility
 p - a potion of poison
 r - a potion of curing {unknown}
 u - 2 potions of heal wounds {unknown}
 B - a potion of haste
 L - a potion of cancellation
Books
 b - a book of Conjurations

   Spells                             Type                      Level
   a - Magic Dart                     Conjuration                  1
   b - Searing Ray                    Conjuration                  2
   c - Dazzling Spray                 Conjuration/Hexes            3
   d - Fulminant Prism                Conjuration/Hexes            4
   e - Iskenderun's Mystic Blast      Conjuration                  4
   f - Iskenderun's Battlesphere      Conjuration/Charms           5
 z - a book of Party Tricks

   Spells                             Type                      Level
   a - Summon Butterflies             Summoning                    1
   b - Apportation                    Translocation                1
   c - Tukima's Dance                 Hexes                        3
   d - Alistair's Intoxication        Transmutation/Poison         4
   e - Invisibility                   Hexes                        6
 F - a book of the Sky

   Spells                             Type                      Level
   a - Summon Lightning Spire         Summoning/Air                4
   b - Airstrike                      Air                          4
   c - Silence                        Hexes/Air                    5
   d - Deflect Missiles               Charms/Air                   6
   e - Conjure Ball Lightning         Conjuration/Air              6
   f - Tornado                        Air                          9
Miscellaneous
 D - a lamp of fire
 I - a sack of spiders
Comestibles
 c - 4 bread rations
 d - a beef jerky
 h - 3 slices of pizza


   Skills:
 - Level 2.4 Dodging
 - Level 2.4 Stealth
 - Level 5.1 Spellcasting
 - Level 10.0 Conjurations
 + Level 8.1 Charms


You had 5 spell levels left.
You knew the following spells:

 Your Spells              Type           Power        Failure   Level  Hunger
a - Magic Dart            Conj           ####         3%          1    None
b - Searing Ray           Conj           ######       4%          2    #......
c - Airstrike             Air            #.........   100%        4    ####...
d - Iskenderun's Battles  Conj/Chrm      ######..     54%         5    ######.


Dungeon Overview and Level Annotations

Branches:
Dungeon (6/15)
 Temple: D:4-7

Altars:
Elyvilon
Makhleb
Trog
Vehumet
Yredelemnul

Annotations:
D:4 2 runed doors, Menkaure


Innate Abilities, Weirdness & Mutations

Your body sometimes deteriorates upon taking damage.
You are very dopey. (Int -4)
You occasionally shout uncontrollably at your foes.
Your spells are a little harder to cast, but a little more powerful.
You expend magic power (3 MP) to strengthen your wands.


Message History

Your lamp of fire has recharged.
The crocodile bites you. The crocodile bites you!
Your body deteriorates!
You feel weakened. The crocodile bites you.
Casting: Searing Ray
Confirm with . or Enter, or press ? or * to list all spells.
Aiming: Searing Ray
Press: ? - help, Shift-Dir - straight line, f - crocodile
Aim: a crocodile (lightly wounded)
The searing ray hits the crocodile.
The crocodile is moderately wounded.
The crocodile bites you! The crocodile bites you.
The searing ray hits the crocodile.
The crocodile is moderately wounded.
The crocodile bites you!
* * * LOW HITPOINT WARNING * * *
The searing ray hits the crocodile.
The crocodile is severely wounded.
The crocodile closely misses you. The crocodile bites you!
You die...

## ####### #.# ยงยง.....
#.# #######
#.#################### #
##...t@..............#
#....[..#################.#
#.#.#.#.# #.# #.##.##.##
#.# ### #........# #.#
..####..#.##..# #.#
....##....##..# #.#
....##........# #.#
..........###.# #.#


You could see a crocodile.

Vanquished Creatures
  A hungry ghost (D:4)
  A sky beast (D:5)
  An ice beast (D:4)
  An ogre (D:6)
  A phantom (D:4)
  A centaur (D:6)
  2 giant frogs (D:6)
  A scorpion (D:4)
  2 crimson imps
  A hound (D:4)
  3 jellies
  2 orc wizards (D:6)
  3 giant frog skeletons
  3 worker ants
  2 iguanas
  A hound skeleton (D:4)
  A shadow imp (D:6)
  11 adders
  6 oozes
  2 adder zombies (D:6)
  A worm (D:5)
  A giant gecko (D:3)
  11 orcs
  2 ball pythons
  8 giant cockroaches
  8 goblins
  14 hobgoblins
  6 jackals
  2 quokkas
  9 bats
  9 giant newts
  A jackal zombie (D:5)
  6 kobolds
  A quokka skeleton (D:4)
  6 rats
131 creatures vanquished.

Vanquished Creatures (others)
  9 fungi (D:6)
9 creatures vanquished.

Grand Total: 140 creatures vanquished

Notes
Turn   | Place    | Note
--------------------------------------------------------------
     0 | D:1      | tp1 the Deep Elf Conjurer began the quest for the Orb.
     0 | D:1      | Reached XP level 1. HP: 10/10 MP: 6/6
   328 | D:1      | Reached XP level 2. HP: 15/15 MP: 5/8
   400 | D:1      | Reached skill level 5 in Conjurations
   848 | D:1      | Learned a level 2 spell: Searing Ray
  1647 | D:2      | Reached XP level 3. HP: 19/19 MP: 5/9
  1949 | D:2      | Found a faded altar to an unknown god.
  1964 | D:2      | Found a burning altar of Makhleb.
  2890 | D:2      | Found a burning altar of Makhleb.
  3131 | D:2      | Reached skill level 6 in Conjurations
  3257 | D:2      | Found a faded altar to an unknown god.
  3382 | D:3      | Reached XP level 4. HP: 24/24 MP: 4/10
  3454 | D:3      | Found a bloodstained altar of Trog.
  4208 | D:4      | Reached skill level 5 in Spellcasting
  4208 | D:4      | Reached XP level 5. HP: 22/28 MP: 7/14
  4215 | D:4      | Learned a level 5 spell: Iskenderun's Battlesphere
  4271 | D:4      | Found a large runed door.
  4271 | D:4      | Found a large runed door.
  4727 | D:4      | Noticed Menkaure
  4873 | D:4      | Reached skill level 5 in Charms
  4873 | D:4      | Reached XP level 6. HP: 32/32 MP: 7/15
  5080 | D:4      | Found a large runed door.
  5080 | D:4      | Found a large runed door.
  5245 | D:4      | Noticed a phantom
  5261 | D:4      | Killed a phantom
  5261 | D:4      | Reached skill level 7 in Charms
  5373 | D:4      | Noticed an ice beast
  5379 | D:4      | Killed an ice beast
  5379 | D:4      | Reached XP level 7. HP: 28/36 MP: 1/16
  5494 | D:4      | Learned a level 4 spell: Airstrike
  5510 | D:4      | Noticed a hungry ghost
  5532 | D:4      | Killed a hungry ghost
  5976 | D:5      | Entered Level 5 of the Dungeon
  6303 | D:5      | Found a radiant altar of Vehumet.
  6368 | D:5      | Became a worshipper of Vehumet
  6410 | D:5      | Found a basalt altar of Yredelemnul.
  6464 | D:5      | Found a white marble altar of Elyvilon.
  6687 | D:5      | Found a radiant altar of Vehumet.
  6716 | D:5      | Reached skill level 8 in Conjurations
  6722 | D:5      | Gained mutation: You are dopey. (Int -2) [mutagenic meat]
  6723 | D:5      | Gained mutation: You expend magic power (3 MP) to strengthen your wands. [mutagenic meat]
  6724 | D:5      | Gained mutation: You are very dopey. (Int -4) [mutagenic meat]
  6725 | D:5      | Gained mutation: Your spells are a little harder to cast, but a little more powerful. [mutagenic meat]
  6726 | D:5      | Gained mutation: You occasionally shout uncontrollably at your foes. [mutagenic meat]
  6727 | D:5      | Gained mutation: Your body sometimes deteriorates upon taking damage. [mutagenic meat]
  6776 | D:5      | Found a white marble altar of Elyvilon.
  6827 | D:5      | Found a basalt altar of Yredelemnul.
  7276 | D:6      | Lost strength.
  7452 | D:6      | Reached XP level 8. HP: 10/41 MP: 7/17
  7756 | D:6      | Reached skill level 9 in Conjurations
  8826 | D:6      | Reached skill level 10 in Conjurations
  9088 | D:6      | Mangled by a crocodile

Action                   |  1- 3 |  4- 6 |  7- 9 || total
-------------------------+-------+-------+-------++-------
Melee: Staff             |       |       |     1 ||     1
 Cast: Magic Dart        |    90 |    77 |    48 ||   215
       Searing Ray       |     3 |    13 |    29 ||    45
       Iskenderun's Batt |       |     3 |     8 ||    11
Evoke: Lamp of fire      |       |     1 |       ||     1
       Wand              |       |       |     1 ||     1
  Use: Potion            |     1 |       |     7 ||     8
       Scroll            |       |       |    13 ||    13
  Eat: Chunk             |    15 |     9 |    20 ||    44
